 Dungeon Crawl Stone Soup version 0.23.2-33-g5129a83184 (webtiles) character file.

Game seed: 2466315638093205249

1950 psyvane the Summoner (level 9, -4/51 HPs)
             Began as a Tengu Summoner on July 14, 2019.
             Was a Follower of Sif Muna.
             Slain by an orc warrior
             ... wielding a +4 trident
              (10 damage)
             ... in a bailey.
             The game lasted 00:50:14 (10661 turns).

psyvane the Summoner (Tengu Summoner)              Turns: 10661, Time: 00:50:15

Health: -4/51      AC:  6    Str:  8    XL:     9   Next: 18%
Magic:  5/14       EV: 26    Int: 19    God:    Sif Muna [*.....]
Gold:   550        SH:  0    Dex: 25    Spells: 2/14 levels left

rFire    . . .     SeeInvis .   t - +2 demon whip (venom)
rCold    . . .     Gourm    .   (no shield)
rNeg     . . .     Faith    .   n - +3 leather armour
rPois    .         Spirit   .   (helmet restricted)
rElec    .         Reflect  .   (no cloak)
rCorr    .         Harm     .   (no gloves)
MR       .....                  (boots unavailable)
Stlth    +++.......             h - amulet of rage
HPRegen  0.17/turn              k - +3 ring of dexterity
MPRegen  0.14/turn              x - +2 ring of dexterity

@: agile, vulnerable, berserk cooldown, flying quickly and evasively, very
slightly contaminated, slowed, divine energy, very slow
A: beak, talons 3, able to fly
a: Stop Flying, Stop Divine Energy, Renounce Religion, Evoke Berserk Rage


You were in a bailey.
You worshipped Sif Muna.
Sif Muna was aware of your devotion.
You were not hungry.

You visited 2 branches of the dungeon, and saw 9 of its levels.
You also visited: Sewer and Bailey.

You collected 572 gold pieces.
You spent 22 gold pieces at shops.

Inventory:

Hand Weapons
 p - a +2 falchion of flaming
 t - a +2 demon whip of venom (weapon)
Armour
 n - a +3 leather armour (worn)
Jewellery
 g - an uncursed ring of fire
 h - an amulet of rage (around neck)
 k - a +3 ring of dexterity (left hand)
 x - a +2 ring of dexterity (right hand)
Wands
 a - a wand of digging (6)
 i - a wand of flame (17)
Scrolls
 r - a scroll of noise
Potions
 e - a potion of ambrosia
 l - a potion of curing
 m - a potion of mutation
 s - a potion of degeneration {unknown}
Comestibles
 c - 7 rations


   Skills:
 * Level 3.2 Fighting
 - Level 6.5 Dodging
 - Level 2.0 Stealth
 - Level 3.1 Spellcasting
 - Level 11.6 Summonings
 - Level 0.1 Air Magic
 - Level 1.0 Invocations


You had 2 spell levels left.
You knew the following spells:

 Your Spells              Type           Power        Failure   Level  Hunger
a - Summon Small Mammal   Summ           ####         1%          1    None
b - Call Canine Familiar  Summ           #####...     1%          3    ###....
c - Summon Ice Beast      Ice/Summ       ####....     21%         4    ####...
d - Summon Lightning Spi  Summ/Air       ####....     21%         4    ####...

Your spell library contained the following spells:

 Spells                   Type           Power        Failure   Level  Hunger
 Call Imp                 Summ           #####...     1%          2    ##.....
 Summon Guardian Golem    Hex/Summ       ####....     6%          3    ###....


Dungeon Overview and Level Annotations

Branches:
Dungeon (8/15)             Temple (1/1) D:6
   Lair: D:8-11

Altars:
Ashenzari
Cheibriados
Dithmenos
Hepliaklqana
Kikubaaqudgha
Nemelex Xobeh
Okawaru
Qazlal
Sif Muna
Trog
Uskayaw
Wu Jian
Xom
Yredelemnul
Zin

Shops:
D:6 ?

Annotations:
D:4 4 runed translucent doors


Innate Abilities, Weirdness & Mutations

You have a beak for a mouth.
You have claws for feet.
You can fly continuously.


Message History

You feel yourself slow down.
You see here a javelin of returning.
Why would you want to do that?
Okay, then.
The orc warrior closely misses you.
The orc warrior hits you from afar with a +4 trident!
* * * LOW HITPOINT WARNING * * *
You are too injured to fight recklessly!
You feel agile all of a sudden.
The orc warrior hits you from afar with a +4 trident!
* * * LOW HITPOINT WARNING * * *
You feel better. The orc warrior closely misses you.
The orc warrior hits you from afar with a +4 trident!
* * * LOW HITPOINT WARNING * * *
Okay, then.
Okay, then.
You swoop lightly up into the air.
You feel very comfortable in the air.
You feel somewhat more hungry. The orc warrior misses you.
The orc warrior hits you from afar with a +4 trident!
You die...

###################
##≈≈≈≈≈≈≈≈≈≈≈≈≈≈≈≈≈##
#........)).........##
.......o)o)..........#
......⌠##########'####
...#####............≈#
..##....≈≈≈≈≈≈≈≈@...≈#
..#.⌠.≈≈≈......h≈≈..≈##
..#..≈≈.)≈≈≈≈≈≈≈.o..≈≈##
)⌠#.≈≈.≈≈≈.....≈≈≈...≈≈##
.##.≈.≈≈..≈≈≈≈≈..≈≈..⌠≈≈#
.#.≈≈.≈.≈≈≈...≈≈≈.≈≈..≈≈#
.#.≈.≈≈.≈..⌠.⌠..≈≈.≈...≈#
.#.≈....≈..∩(∩.....≈...≈#
.#.≈.≈≈.≈..⌠.⌠..≈≈.≈...≈#


You could see an orc warrior and a friendly wolf.

Vanquished Creatures
  An orc warrior (D:6)
  An ice beast (D:5)
  An ogre (D:5)
  A centaur (Bailey)
  A bullfrog (D:6)
  A scorpion (D:5)
  2 jellies
  A hound (D:4)
  A gnoll shaman (D:4)
  An orc priest (D:6)
  5 worker ants
  An iguana (D:5)
  2 hound skeletons
  A worker ant zombie (D:6)
  A gnoll (D:4)
  4 adders
  A river rat (Sewer)
  A worm (D:3)
  2 leopard geckos
  5 orcs
  2 ball pythons (Sewer)
  8 giant cockroaches
  2 goblins
  3 hobgoblins
  4 jackals
  2 kobolds
  2 quokkas (D:4)
  3 bats
  7 frilled lizards
  A jackal skeleton (D:4)
  21 rats
89 creatures vanquished.

Vanquished Creatures (collateral kills)
  The ghost of psyvane the Abyss-Baptised, a novice DsAK of Lugonu (D:6)
  A water moccasin (D:7)
  5 orc warriors (Bailey)
  An ice beast (D:5)
  5 centaurs
  A bullfrog (D:6)
  2 wights (D:7)
  A crimson imp (D:5)
  A hound (D:6)
  A bullfrog skeleton (D:5)
  3 iguanas
  3 orc wizards
  2 worker ants (D:6)
  A merfolk siren (Sewer)
  A merfolk avatar (Sewer)
  A hound zombie (D:6)
  A hound skeleton (D:7)
  A mummy (D:6)
  2 gnolls (D:4)
  14 adders
  2 river rats
  An ooze (D:1)
  An adder zombie (D:5)
  3 worms
  2 dart slugs
  5 leopard geckos
  29 orcs
  4 bats
  A giant cockroach (Sewer)
  9 goblins
  2 hobgoblins
  9 jackals
  2 quokkas (D:3)
  6 frilled lizards
  4 kobolds
  8 rats
136 creatures vanquished.

Grand Total: 225 creatures vanquished

Notes
Turn   | Place    | Note
-------+----------+-------------------------------------------
     0 | D:1      | psyvane the Tengu Summoner began the quest for the Orb.
     0 | D:1      | Reached XP level 1. HP: 10/10 MP: 4/4
    50 | D:1      | Reached skill level 5 in Summonings
   453 | D:1      | Reached XP level 2. HP: 14/15 MP: 6/6
  1563 | D:2      | Reached XP level 3. HP: 18/19 MP: 2/7
  1671 | D:2      | Found a shimmering altar of Xom.
  1676 | D:2      | Reached skill level 6 in Summonings
  1736 | D:2      | Learned a level 3 spell: Call Canine Familiar
  2373 | D:2      | Reached XP level 4. HP: 24/24 MP: 8/8
  2754 | D:3      | Found a shattered altar of Ashenzari.
  3174 | D:3      | Reached skill level 7 in Summonings
  3236 | D:3      | Found an iron altar of Okawaru.
  3373 | D:3      | Gained mutation: You can fly continuously. [Tengu growth]
  3373 | D:3      | Reached XP level 5. HP: 24/28 MP: 3/9
  3379 | D:3      | Learned a level 4 spell: Summon Ice Beast
  4076 | D:4      | Reached skill level 8 in Summonings
  4276 | D:4      | Found a large runed translucent door.
  4276 | D:4      | Found a large runed translucent door.
  4279 | D:4      | Found the +8 glaive of the Guard {elec, +Rage AC+5 SInv}
  4281 | D:4      | Noticed an ogre
  4301 | D:4      | Reached XP level 6. HP: 24/32 MP: 6/10
  4500 | D:4      | Found a large runed translucent door.
  4500 | D:4      | Found a large runed translucent door.
  5195 | D:5      | Entered Level 5 of the Dungeon
  5486 | D:5      | Reached skill level 9 in Summonings
  5493 | D:5      | Reached XP level 7. HP: 32/36 MP: 1/12
  5830 | D:5      | Found a hide-covered altar of Uskayaw.
  6045 | D:5      | Reached skill level 10 in Summonings
  6212 | D:5      | Learned a level 4 spell: Summon Lightning Spire
  6419 | D:6      | Found a runed translucent door.
  6428 | D:6      | Found a snail-covered altar of Cheibriados.
  6486 | D:6      | Reached XP level 8. HP: 6/41 MP: 0/13
  6766 | D:6      | Reached skill level 11 in Summonings
  6837 | D:6      | Found a staircase to the Ecumenical Temple.
  6843 | D:6      | Found Juig's Magic Scroll Shop.
  6855 | D:6      | Bought a scroll of identify for 22 gold pieces
  6993 | Temple   | Entered the Ecumenical Temple
  7034 | Temple   | Became a worshipper of Sif Muna the Loreminder
  7085 | D:6      | Found a glowing drain.
  7094 | Sewer    | Entered a sewer
  7861 | D:6      | Reached skill level 1 in Invocations
  7864 | D:6      | Found a basalt altar of Yredelemnul.
  7922 | D:6      | Noticed psyvane's ghost (novice DsAK)
  8257 | D:6      | Killed psyvane's ghost
  8341 | D:7      | Found a flagged portal.
  8596 | D:7      | Reached * piety under Sif Muna
  8596 | D:7      | Reached skill level 5 in Dodging
  8638 | Bailey   | Entered a bailey
  8652 | Bailey   | Found the +9 staff of Olgreb {rPois}
  9334 | Bailey   | Reached XP level 9. HP: 43/45 MP: 1/14
  9412 | Bailey   | Reached skill level 1 in Fighting
 10661 | Bailey   | Slain by an orc warrior

Skill      XL: |  1  2  3  4  5  6  7  8  9 |
---------------+----------------------------+-----
Summonings     | 5 6 7 8 9 10 11 | 11.6
Spellcasting   | 3 |  3.1
Invocations    | 1 |  1.0
Dodging        | 6 |  6.5
Fighting       | 3 |  3.2
Stealth        | |  2.0
Air Magic      | |  0.1

Action                   |  1- 3 |  4- 6 |  7- 9 || total
-------------------------+-------+-------+-------++-------
Melee: Unarmed           |    41 |       |       ||    41
       Kick              |    12 |    26 |    34 ||    72
       Peck              |     5 |    11 |    17 ||    33
       Dagger            |    33 |    39 |       ||    72
       Falchion          |       |    28 |       ||    28
       Demon whip        |       |    26 |   124 ||   150
 Cast: Summon Small Mamm |    37 |    18 |    12 ||    67
       Call Canine Famil |     8 |    20 |    33 ||    61
       Summon Ice Beast  |       |     5 |    52 ||    57
       Summon Lightning  |       |       |     2 ||     2
Invok: Divine Energy     |       |       |     2 ||     2
       Stop Divine Energ |       |       |     1 ||     1
 Abil: Fly               |       |       |     1 ||     1
  Use: Scroll            |     4 |     5 |    12 ||    21
       Potion            |       |     1 |    14 ||    15
 Stab: Sleeping          |     3 |     6 |     4 ||    13
       Distracted        |       |     1 |       ||     1
  Eat: Chunk             |     6 |    11 |    22 ||    39
       Ration            |       |     1 |     3 ||     4
Armor: Robe              |    34 |    16 |       ||    50
       Leather armour    |       |     1 |    59 ||    60
Dodge: Dodged            |    74 |    77 |   220 ||   371
       Rpst.: Falchion   |       |     2 |       ||     2
